 Dungeon Crawl Stone Soup version 0.32-a0-35-gd9ff480968 (webtiles) character file.

Game seed: 8153555798702348275

36 IdlyInterested the Twirler (level 3, -4/27 HPs)
             Began as a Demonspawn Gladiator on Jan 22, 2024.
             Slain by Grinder (6 damage)
             ... on level 3 of the Dungeon.
             The game lasted 00:03:14 (1048 turns).

IdlyInterested the Twirler (Demonspawn Gladiator)   Turns: 1048, Time: 00:03:15

Health: -4/27      AC:  4    Str: 16    XL:     3   Next: 19%
Magic:  3/3        EV: 12    Int: 14    God:
Gold:   55         SH:  0    Dex: 14    Spells: 2/2 levels left

rFire   . . .        a - +0 quarterstaff
rCold   . . .        (shield currently unavailable)
rNeg    . . .        b - +1 leather armour
rPois   .            (helmet restricted)
rElec   .            (no cloak)
rCorr   .            (no gloves)
SInv    .            (no boots)
Will    +....        (no amulet)
Stlth   +            j - +6 ring of intelligence
HPRegen 0.24/turn    (no ring)
MPRegen 0.08/turn

%: no passive effects
@: enlightened, flying
A: hooves 1, horns 1
a: no special abilities


You were on level 3 of the Dungeon.
You visited 1 branch of the dungeon, and saw 3 of its levels.

You collected 55 gold pieces.

Inventory:

Hand Weapons
 a - a +0 quarterstaff (weapon)
 c - a +2 dagger of draining
 g - a +0 short sword
 h - a +0 whip
Missiles
 d - 3 throwing nets
 e - a javelin
 i - 12 stones (quivered)
Armour
 b - a +1 leather armour (worn)
 f - a +0 robe
Jewellery
 j - a +6 ring of intelligence (left hand)
Scrolls
 o - a scroll of poison
Potions
 l - a potion of enlightenment


   Skills:
 - Level 2.0 Fighting
 * Level 3.6 Staves
 - Level 2.0 Throwing
 + Level 0.1 Armour
 - Level 3.0 Dodging


You had 2 spell levels left.
You didn't know any spells.
Your spell library contained the following spells:

 Spells                   Type           Power      Damage    Failure   Level
 Blink                    Tloc           0%         N/A       47%         2
 Lesser Beckoning         Tloc           0%         N/A       47%         2
 Momentum Strike          Conj/Tloc      0%         3d8       47%         2


Dungeon Overview and Level Annotations

Branches:
Dungeon (2/15)

Altars:

Annotations:
D:3 Grinder


Innate Abilities, Weirdness & Mutations

You have large cloven feet.
You have a pair of small horns on your head.


Message History

You feel very buoyant.
You fly up into the air.
The ball python bites you but does no damage.
The ball python constricts you. Grinder hits you but does no damage.
The ball python bites you but does no damage.
The ball python constricts you.
You hit Grinder. Your headbutt misses Grinder.
Grinder is moderately wounded.
The ball python barely misses you. The ball python constricts you.
Grinder blinks!
You hit Grinder but do no damage.
Grinder is moderately wounded.
The ball python bites you but does no damage.
The ball python constricts you.
Grinder blinks!
You hit the orc. You headbutt the orc.
You kill the orc!
The ball python bites you. The ball python constricts you.
The ball python barely misses you. The ball python constricts you.
You sock the ball python!
You kill the ball python!
Throw: 14 stones
Press: ? - help, Q - select action, (/) - cycle Shift-Dir - straight line, f - Grinder
Aim: Grinder (moderately wounded, 53% to hit)
You throw a stone. The stone hits Grinder.
Grinder is moderately wounded.
You start resting.
You hear the slow rusting of a very distant drain.
Throw: 13 stones
Press: ? - help, Q - select action, (/) - cycle Shift-Dir - straight line, f/p - Grinder
Aim: Grinder (moderately wounded, 53% to hit)
You throw a stone.
The stone hits Grinder but does no damage.
Grinder is moderately wounded.
You sock Grinder! Your kick misses Grinder. Your headbutt misses Grinder.
Grinder is heavily wounded.
Grinder hits you!
* * * LOW HITPOINT WARNING * * *
You writhe in agony.
You die...
Grinder sighs, "Dead already?
I want a refund."

#..)## #.... . #...# # ##
.. #...# .#.
#.####...######.#
##.............#†# #
...............†@##.####.
#.............##5.......
#.####...#######...##.#o
#)..# #...# #...# #....(
#...# #..##.. ##### #(.#
..# .... ..# #### #.


You could see Grinder.

Vanquished Creatures
  A dart slug (D:1)
  A ribbon worm (D:3)
  2 orcs (D:3)
  A ball python (D:3)
  2 bats (D:1)
  2 endoplasms
  4 goblins (D:1)
  3 hobgoblins
  2 jackals (D:1)
  A quokka (D:1)
  5 kobolds (D:1)
  2 rats (D:1)
26 creatures vanquished.

Notes
Turn   | Place    | Note
-------+----------+-------------------------------------------
     0 | D:1      | IdlyInterested the Demonspawn Gladiator began the quest for
                  | the Orb.
     0 | D:1      | Reached XP level 1. HP: 16/16 MP: 1/1
   211 | D:1      | Discovered your monstrous ancestry.
   211 | D:1      | Gained mutation: You have a pair of small horns on your
                  | head. [demonic ancestry]
   211 | D:1      | Reached XP level 2. HP: 15/22 MP: 2/2
   998 | D:2      | You fall into a shaft and drop 1 floor!
  1017 | D:3      | Gained mutation: You have large cloven feet. [demonic
                  | ancestry]
  1017 | D:3      | Reached XP level 3. HP: 24/27 MP: 3/3
  1028 | D:3      | Noticed Grinder
  1048 | D:3      | Slain by Grinder

Illustrated notes

Levels and vault maps discovered:
D:1:      dpeg_arrival_rooms_a, layout_basic, serial_curves, eino_curves_01,
          eino_curves_04, eino_curves_02, eino_curves_02,
          chequers_serial_rivers_small_b
D:2:      layout_rooms, corexii_hall_statues_x, grunt_ministairs_6,
          minmay_octomino_j4
D:3:      minmay_angry_zag, layout_loops_cross, gup_sewer_entry_spiral,
          uniq_sigmund, uniq_grinder

Skill      XL: |  1  2  3 |
---------------+----------+-----
Staves         | 3 |  3.6
Throwing       | 2 |  2.0
Dodging        | 3 |  3.0
Fighting       | |  2.0
Armour         | |  0.1

Action                     || total
---------------------------++-------
  Melee: Quarterstaff      ||    69
         Headbutt          ||    11
         Kick              ||     1
  Throw: Stone             ||     2
    Use: Scroll            ||     4
         Potion            ||     1
 Armour: Leather armour    ||    41
  Dodge: Dodged            ||    52

Table legend: (Time is in decaauts)
 A = Elapsed time spent in this place.
 B = Non-inter-level travel time spent in this place.
 C = Inter-level travel time spent in this place.
 D = Time resting spent in this place.
 E = Time spent auto-exploring this place.
 F = Levels seen in this place.
 G = Mean time per level.
                   A        B        C        D        E       F      G
               +--------+--------+--------+--------+--------+-----+--------+
         Total |   1056 |   1052 |      4 |    140 |    615 |   3 |  352.0 |
       Dungeon |   1056 |   1052 |      4 |    140 |    615 |   3 |  352.0 |
               +--------+--------+--------+--------+--------+-----+--------+

Top non-repeatable levels by time:
     D:1: 1004 daAuts
     D:3: 52 daAuts
